 Dungeon Crawl Stone Soup version 0.19-a0-32-gbfd796a (webtiles) character file.

2042 namelastname112 the Thaumaturge (level 9, 0/62 HPs)
             Began as a Purple Draconian Conjurer on May 3, 2016.
             Was an Initiate of Ashenzari.
             Slain by a sheep (7 damage)
             ... on level 7 of the Dungeon.
             The game lasted 00:10:27 (6824 turns).

namelastname112 the Thaumaturge (DrCj)              Turns: 6824, Time: 00:10:28

Health: 0/62       AC:  8    Str: 10    XL:     9   Next: 4%
Magic:  6/21       EV: 12    Int: 19    God:    Ashenzari [......]
Gold:   430        SH:  3    Dex: 12    Spells: 3 memorised, 16 levels left

rFire  . . .     SeeInvis .     m - +1 dagger (venom)
rCold  . . .     Gourm    .     (armour unavailable)
rNeg   . . .     Faith    .     (no shield)
rPois  .         Spirit   .     (helmet restricted)
rElec  .         Dismiss  .     t - +0 cloak
rCorr  .         Reflect  +     (no gloves)
SustAt .         Harm     .     (no boots)
MR     +....                    D - +3 amulet of reflection
Stlth  ++........               (no ring)
                                (no ring)

@: very slightly contaminated, somewhat resistant to hostile enchantments,
unstealthy
A: breathe power, unfitting armour, cold-blooded, AC +7
a: Breathe Dispelling Energy, Curse Item, Renounce Religion


You were on level 7 of the Dungeon.
You worshipped Ashenzari.
Ashenzari was noncommittal.
You were very hungry.

You visited 2 branches of the dungeon, and saw 9 of its levels.

You collected 430 gold pieces.

Inventory:

Hand Weapons
 m - a +1 dagger of venom (weapon)
Armour
 t - a +0 cloak (worn)
Jewellery
 D - a +3 amulet of reflection (around neck)
Wands
 w - a wand of paralysis (9/24)
 y - a wand of paralysis (13/24)
 C - a wand of slowing (16/48)
 F - a wand of lightning (4/15)
Scrolls
 e - 7 scrolls of remove curse
 g - 4 scrolls of enchant armour {unknown}
 h - a scroll of fog {unknown}
 i - 2 scrolls of magic mapping {unknown}
 j - 2 scrolls of amnesia {unknown}
 k - 5 scrolls of identify {unknown}
 n - a scroll of immolation {unknown}
 p - 5 scrolls of teleportation {unknown}
 q - a scroll of fear {unknown}
 s - 2 scrolls of random uselessness {unknown}
 B - a scroll of silence {unknown}
 E - a scroll of blinking {unknown}
 H - a scroll of brand weapon {unknown}
Potions
 c - 2 potions of resistance {unknown}
 d - 4 potions of curing
 f - 4 potions of mutation {unknown}
 l - 2 potions of lignification {unknown}
 o - 2 potions of agility {unknown}
 r - a potion of berserk rage {unknown}
 u - a potion of invisibility {unknown}
 x - a potion of haste
 A - a potion of brilliance {unknown}
 G - a potion of flight {unknown}
 I - a potion of beneficial mutation {unknown}
 K - a potion of cancellation {unknown}
Books
 a - a book of Conjurations

   Spells                             Type                      Level
   a - Magic Dart                     Conjuration                  1
   b - Searing Ray                    Conjuration                  2
   c - Dazzling Spray                 Conjuration/Hexes            3
   d - Fulminant Prism                Conjuration/Hexes            4
   e - Iskenderun's Mystic Blast      Conjuration                  4
   f - Iskenderun's Battlesphere      Conjuration/Charms           5
Comestibles
 b - 10 bread rations
 v - 2 beef jerkies
 z - a meat ration
 J - a slice of pizza


   Skills:
 - Level 1.7 Dodging
 - Level 1.7 Stealth
 + Level 8.2 Spellcasting
 + Level 8.2 Conjurations
 + Level 6.5 Charms


You had 16 spell levels left.
You knew the following spells:

 Your Spells              Type           Power        Failure   Level  Hunger
a - Iskenderun's Battles  Conj/Chrm      #####...     14%         5    #####..
x - Searing Ray           Conj           #####.       1%          2    None
z - Magic Dart            Conj           ####         1%          1    None


Dungeon Overview and Level Annotations

Branches:
Dungeon (8/15)             Temple (1/1) D:6
   Lair: D:8-11

Altars:
Ashenzari
Cheibriados
Dithmenos
Elyvilon
Fedhas
Gozag
Kikubaaqudgha
Makhleb
Nemelex Xobeh
Pakellas
Qazlal
Ru
Sif Muna
Trog
Vehumet
Zin
The Shining One

Shops:
D:6 (


Innate Abilities, Weirdness & Mutations

You can breathe bolts of dispelling energy.
Your rich purple scales are hard (AC +7).
Your body does not fit into most forms of armour.
You are cold-blooded and may be slowed by cold attacks.


Message History

The sheep bites you!
* * * LOW HITPOINT WARNING * * *
You take 11 damage, and have 11/57 hp.
The human misses you.
You kill the human!
You have reached level 9!
Your experience leads to an increase in your attributes!
Increase (S)trength, (I)ntelligence, or (D)exterity?
You feel clever.
Your scales feel tougher.
You block the sheep's attack.
You see here an uncursed whip.
You hit the sheep but do no damage.
The sheep is poisoned.
You tail-slap the sheep.
The sheep is lightly wounded.
The sheep bites you!
* * * LOW HITPOINT WARNING * * *
You take 12 damage, and have 2/62 hp.
Drink which item? (? for menu, Esc to quit)
You feel better. The sheep bites you!
You die...

######
#####..Y.##############
#...))@#.##>...........
#......#.)#............
#......#...............
#....).#Y..............
#......#...############
#......#...#
#......#...#
#####......# ####...#


You could see a sheep.

Vanquished Creatures
  A human (D:7)
  A water moccasin (D:6)
  A black bear (D:7)
  2 orc warriors
  Duvessa (D:7)
  An ice beast (D:7)
  An ogre (D:7)
  A phantom (D:6)
  A giant frog (D:6)
  Dowan (D:7)
  A scorpion (D:5)
  3 wights (D:7)
  A howler monkey (D:5)
  3 crimson imps (D:6)
  2 jellies
  2 orc priests
  Crazy Yiuf (D:5)
  A hound (D:7)
  An orc wizard (D:7)
  Terence (D:3)
  4 iguanas
  6 worker ants
  A killer bee zombie (D:6)
  3 gnolls (D:3)
  A howler monkey skeleton (D:6)
  9 adders
  An adder skeleton (D:4)
  2 worms
  2 dart slugs (D:1)
  9 giant geckos
  23 orcs
  8 giant cockroaches
  7 goblins
  10 hobgoblins
  3 jackals (D:3)
  3 quokkas (D:3)
  8 bats
  5 giant newts
  6 kobolds
  8 rats
146 creatures vanquished.

Notes
Turn   | Place    | Note
--------------------------------------------------------------
     0 | D:1      | namelastname112 the Draconian Conjurer began the quest for the Orb.
     0 | D:1      | Reached XP level 1. HP: 14/14 MP: 3/3
   140 | D:1      | Reached XP level 2. HP: 17/20 MP: 1/5
   170 | D:1      | Learned a level 2 spell: Searing Ray
   670 | D:1      | Reached XP level 3. HP: 26/26 MP: 4/7
  1538 | D:2      | Found a sparkling altar of Nemelex Xobeh.
  1541 | D:2      | Found an opulent altar of Gozag.
  1580 | D:3      | Reached XP level 4. HP: 14/33 MP: 6/9
  1961 | D:3      | Noticed Terence
  1983 | D:3      | Killed Terence
  1983 | D:3      | Reached skill level 5 in Conjurations
  2176 | D:3      | Reached XP level 5. HP: 38/38 MP: 2/10
  2248 | D:3      | Learned a level 5 spell: Iskenderun's Battlesphere
  2260 | D:3      | Found a shadowy altar of Dithmenos.
  2939 | D:4      | Reached skill level 1 in Charms
  3111 | D:4      | Reached XP level 6. HP: 9/45 MP: 4/12
  3750 | D:5      | Entered Level 5 of the Dungeon
  4218 | D:5      | Noticed Crazy Yiuf
  4234 | D:5      | Killed Crazy Yiuf
  4234 | D:5      | Your scales start taking on a rich purple colour.
  4234 | D:5      | Reached skill level 5 in Spellcasting
  4234 | D:5      | Reached XP level 7. HP: 25/50 MP: 1/15
  4593 | D:6      | Found a staircase to the Ecumenical Temple.
  4721 | Temple   | Entered the Ecumenical Temple
  4877 | Temple   | Became a worshipper of Ashenzari the Shackled
  5207 | D:6      | Found Lyptat's Antique Weapon Shop.
  5239 | D:6      | Found a burning altar of Makhleb.
  5528 | D:6      | Reached XP level 8. HP: 57/57 MP: 7/18
  5954 | D:7      | Reached skill level 5 in Charms
  6206 | D:7      | Noticed Dowan
  6394 | D:7      | Killed Dowan
  6403 | D:7      | Noticed Duvessa
  6409 | D:7      | Killed Duvessa
  6628 | D:7      | Found a glowing golden altar of the Shining One.
  6629 | D:7      | Found a sacrificial altar of Ru.
  6629 | D:7      | Found a bloodstained altar of Trog.
  6821 | D:7      | Reached XP level 9. HP: 13/62 MP: 5/21
  6823 | D:7      | HP: 2/62 [sheep (12)]
  6824 | D:7      | Slain by a sheep

Vault maps used:
D:1:      lightli_arrival_chessboard
D:2:      grunt_temple_overflow_opulence, first_bread
D:3:      grunt_dithmenos_smoke_and_mirrors, kennysheep_generic_room_13,
          uniq_terence
D:5:      hex_medium, uniq_crazy_yiuf_cottage
D:6:      makhleb_grotto_becter, temple_fountains, serial_shops, shop
D:7:      tgw_xom, gammafunk_temple_overflow_claw, grunt_livestock, uniq_duvessa
D:8:      lemuel_doored_altar, nicolae_qazlal_style_of_elements
Temple:   bh_familiar_temple

Skill      XL: |  1  2  3  4  5  6  7  8 |
---------------+-------------------------+-----
Spellcasting   | 3 4 5 6 8 |  8.2
Conjurations   | 5 6 7 8 |  8.2
Charms         | 1 3 4 6 |  6.5
Dodging        | |  1.7
Stealth        | |  1.7

Action                   |  1- 3 |  4- 6 |  7- 9 || total
-------------------------+-------+-------+-------++-------
Melee: Unarmed           |     7 |       |       ||     7
       Dagger            |    27 |    49 |     3 ||    79
       Tailslap          |     2 |     6 |     2 ||    10
 Cast: Magic Dart        |    77 |   144 |   112 ||   333
       Searing Ray       |     1 |    10 |    17 ||    28
       Iskenderun's Batt |       |       |     3 ||     3
 Abil: Breathe Dispellin |       |       |     2 ||     2
  Use: Potion            |       |     1 |     1 ||     2
 Stab: Sleeping          |     1 |     1 |       ||     2
  Eat: Chunk             |     2 |     9 |     8 ||    19
Armor: Skin              |    26 |    19 |    11 ||    56
Dodge: Dodged            |    41 |    62 |    44 ||   147
Block: Other             |       |       |     5 ||     5
